[Event "*** Titled Tuesday Blitz"]
[Site "Chess.com"]
[Date "2021.02.02"]
[Round "4"]
[White "verdest"]
[Black "manipun1"]
[Result "0-1"]
[WhiteElo "2490"]
[BlackElo "2263"]
[TimeControl "180+1"]
[EndTime "10:42:48 PST"]
[Termination "manipun1 won on time"]

1. d4 d6 2. e4 Nf6 3. Bd3 e5 4. d5 Be7 5. Nf3 O-O 6. O-O c6 7. c4 a5 8. Nc3 Na6 9. h3 h6 10. Be3 cxd5 11. cxd5 Bd7 12. Rc1 Nh7 13. Bb5 Ng5 14.
Bxd7 Qxd7 15. Nd2 f5 16. exf5 Rxf5 17. Nde4 Nxe4 18. Nxe4 b5 19. Qg4 Raf8 20. Rc6 Nb4 21. Bxh6 R8f7 22. Rfc1 Nxd5 23. Rc8+ Bf8 24. Ng5 R7f6 25.
Rxf8+ Rxf8 26. Ne6 R5f7 27. Nxf8 Qxg4 28. hxg4 Kxf8 29. Bd2 Ke7 30. Bxa5 Ke6 31. Bd2 b4 32. a4 bxa3 33. bxa3 Ra7 34. Ra1 Ra4 35. f3 Rd4 36. Be1 Ra4 37. Kf2 Nb6 38. Bb4 d5 39. Re1 Nc4 40.
Rh1 Ra7 41. Rh7 Kf6 42. Kg3 Nxa3 43. Rh8 Nc4 44. Rf8+ Kg6 45. Re8 d4 46. Rd8 Rb7 47. Bc5 Ne3 48. Rd5 Nc4 49. Bd6 Rd7 50. Rxe5 Rxd6 51.
Re4 d3 0-1

[Event "*** Titled Tuesday Blitz"]
[Site "Chess.com"]
[Date "2021.02.02"]
[Round "4"]
[White "JAAC2002"]
[Black "scabies1"]
[Result "1-0"]
[WhiteElo "2505"]
[BlackElo "2328"]
[TimeControl "180+1"]
[EndTime "10:42:48 PST"]
[Termination "JAAC2002 won by resignation"]

1. d4 Nf6 2. Nf3 e6 3. Bf4 d5 4. Nbd2 Bd6 5. Bg3 O-O 6. e3 c5 7. c3 Qc7 8. Bd3 Nbd7 9. Qe2 e5 10. dxc5 Nxc5 11. Bc2 Re8 12. O-O b6 13. b4 Ba6 14.
b5 Bb7 15. Bh4 Nfe4 16. Nxe4 Nxe4 17. Rfc1 Nxc3 18. Qd2 e4 19. Bxe4 dxe4 20. Rxc3 Qb8 21. Nd4 Bxh2+ 22. Kh1 Be5 23. Rac1 Qd6 24. Kg1 Qh6 25. Bg3 Bxg3 26. fxg3 Rad8 27. Rc7 Bd5 28. Rxa7 Ra8 29. Rxa8 Bxa8 30. Rc7 Qd6 31. Ra7 Qxg3 32. Qf2 Qg6 33. Qf5 Qxf5 34. Nxf5 g6 35. Nd6 Rf8 36. a4 Bd5 37. Rd7 Be6 38. Rb7 Rd8 39. Rxb6 Kf8 40. a5 Ke7 41. Nxe4 Rd1+ 42. Kf2 Bd5 43. Nc3 Rd2+ 44. Ke1 Rd3 45. Nxd5+ Rxd5 46. a6 Re5 47. a7 Rxe3+ 48. Kf2 Ra3 49. Ra6 Rb3 50. b6 Rb2+ 51. Kg3 Rb3+ 52. Kh2 Rb4 53. a8=Q Rh4+ 54. Kg3 Rd4 55. Qa7+ Rd7 56. b7 1-0

[Event "*** Titled Tuesday Blitz"]
[Site "Chess.com"]
[Date "2021.02.02"]
[Round "4"]
[White "FloMaster111"]
[Black "Ze-Pequeno"]
[Result "1-0"]
[WhiteElo "2482"]
[BlackElo "2220"]
[TimeControl "180+1"]
[EndTime "10:42:51 PST"]
[Termination "FloMaster111 won by checkmate"]

1. e4 c5 2. Nf3 d6 3. c3 Nf6 4.
Be2 Bg4 5. O-O Nc6 6. d3 e6 7.
h3 Bh5 8. d4 cxd4 9. cxd4 Nxe4 10. d5 exd5 11. Qxd5 Nf6 12. Qb3 Qd7 13. Re1 Be7 14.
Nc3 O-O 15. Bg5 Rfe8 16. Rad1 Rad8 17. Nb5 a6 18. Bxf6 axb5 19. Bxe7 Rxe7 20. Bxb5 Qc7 21. Rxe7 Qxe7 22. Re1 Qf6 23. Qd5 Bxf3 24. Qxf3 Qxf3 25. gxf3 Nd4 26. Be2 Kf8 27. Kf1 Rc8 28. Rd1 Nf5 29.
Rd5 g6 30. Bd3 Nh4 31. Ke2 Re8+ 32. Kd1 Nxf3 33. Rxd6 Re1+ 34. Kc2 Ne5 35. Bb5 Rh1 36. Rb6 Rxh3 37. Rxb7 Rf3 38. a4 Rxf2+ 39. Kb1 Nf3 40. a5 Nd2+ 41. Ka2 Ne4 42. a6 Nc3+ 43. Ka3 Nxb5+ 44.
Rxb5 Rf1 45. Ra5 Rd1 46. a7 Rd8 47. Rb5 Ra8 48. Rb8+ Kg7 49. Rxa8 h5 50. Rd8 h4 51. a8=Q g5 52. Rg8+ Kf6 53. Qc6+ Kf5 54. Qd5+ Kf4 55. Qxg5+ Kf3 56. Qg4+ Kf2 57. Qxh4+ Kf1 58. Qh1+ Ke2 59.
Rg2+ Kd3 60. Qh3+ Kc4 61. Rg4+ Kc5 62. Qc3+ Kd5 63. Rd4+ Ke6 64. Qe3+ Kf5 65. Rf4+ Kg5 66. Qg3+ Kh5 67. Rh4# 1-0

[Event "*** Titled Tuesday Blitz"]
[Site "Chess.com"]
[Date "2021.02.02"]
[Round "4"]
[White "krasavetc"]
[Black "The_Machine04"]
[Result "1-0"]
[WhiteElo "2353"]
[BlackElo "2507"]
[TimeControl "180+1"]
[EndTime "10:42:51 PST"]
[Termination "krasavetc won by checkmate"]

1. e4 d6 2. Nc3 Nf6 3. Nf3 Nbd7 4. d4 e5 5. dxe5 dxe5 6. Bc4 Bc5 7. O-O c6 8. Bg5 h6 9. Bh4 Qc7 10. Bb3 O-O 11. Qe2 b5 12. Rad1 a5 13. a3 a4 14. Ba2 Ba6 15. Qe1 b4 16. Nxa4 Bxf1 17. Nxc5 Nxc5 18. Bxf6 gxf6 19. Qe3 Ne6 20. Rxf1 bxa3 21.
bxa3 Ng5 22. Nh4 Qa7 23. Qe2 Qxa3 24. Bb3 Rfd8 25. Qh5 Qf8 26. Nf5 Kh7 27. h4 Ne6 28.
g3 Ra7 29. Ne3 Rad7 30. Ng4 Qg7 31. Qf5+ Qg6 32. Nxf6+ Kg7 33. Nxd7 Rxd7 34. Qxe5+ Qf6 35. Qh5 Rd2 36. Qg4+ Qg6 37. Qf3 h5 38. Qc3+ Kh7 39. Qxd2 Qg4 40. Bxe6 fxe6 41. Qf4 Qxf4 42. gxf4 Kg6 43.
Rd1 Kf6 44. Rd7 e5 45. f5 c5 46. Rd6+ Kf7 47. Rh6 c4 48. Rc6 c3 49. Rxc3 Kf6 50.
Rg3 Kf7 51. Rd3 Kf6 52. c4 Kf7 53. c5 Kf6 54. c6 Kf7 55. c7 Kf6 56. c8=Q Kg7 57.
Qe6 Kh7 58. Rd7+ Kh8 59. Qe8# 1-0

[Event "*** Titled Tuesday Blitz"]
[Site "Chess.com"]
[Date "2021.02.02"]
[Round "4"]
[White "Alexchess1984"]
[Black "Man-Chuk"]
[Result "0-1"]
[WhiteElo "2680"]
[BlackElo "2925"]
[TimeControl "180+1"]
[EndTime "10:42:52 PST"]
[Termination "Man-Chuk won by resignation"]

1. e4 c5 2. c3 d5 3. exd5 Qxd5 4. d4 Nf6 5. Nf3 e6 6. a3 Nc6 7. Be3 cxd4 8. cxd4 Be7 9. Nc3 Qd6 10. Bc4 O-O 11. Qd3 b6 12. Rd1 Bb7 13. Ba2 Rad8 14. O-O Rfe8 15. h3 Bf8 16. Bg5 Be7 17. Bb1 g6 18. Rfe1 Nd5 19. Ne4 Qc7 20. Ba2 Kg7 21. Qd2 Bxg5 22.
Nexg5 Qf4 23. Qe2 Nf6 24. g3 Qf5 25. Bb1 Qd5 26. Ne4 Ne7 27. Nfg5 Nxe4 28. Bxe4 Qxg5 29.
Bxb7 Rd7 30. h4 Qf6 31. Bg2 Rxd4 32. Rxd4 Qxd4 33. Rd1 Qf6 34. Rd7 a5 35. Qb5 Rc8 36.
Qxb6 Rc1+ 37. Kh2 Rc2 38. b4 axb4 39. axb4 Nf5 40. b5 Nxh4 41. gxh4 Qxh4+ 42. Kg1 Rc1+ 43. Bf1 Qg5+ 44. Kh2 Rxf1 45. Qd4+ e5 46. Qe3 Qg1+ 47. Kh3 Qh1+ 48. Kg4 Rg1+ 49. Qg3 Rxg3+ 50. Kxg3 Qg1+ 51. Kf3 e4+ 52. Kxe4 Qb1+ 53. Kd4 Qxb5 54. Rd5 Qxd5+ 55.
Kxd5 Kf6 56. Ke4 h5 57. Kf4 g5+ 0-1

[Event "*** Titled Tuesday Blitz"]
[Site "Chess.com"]
[Date "2021.02.02"]
[Round "4"]
[White "Srisshhhtea"]
[Black "dukicz123"]
[Result "1-0"]
[WhiteElo "2448"]
[BlackElo "2594"]
[TimeControl "180+1"]
[EndTime "10:42:52 PST"]
[Termination "Srisshhhtea won by resignation"]

1. d4 Nf6 2. c4 g6 3. Nc3 Bg7 4. e4 d6 5. Bd3 O-O 6. Nge2 Nc6 7. O-O e5 8. d5 Nd4 9. h3 c5 10. f4 Nxe2+ 11. Qxe2 exf4 12. Bxf4 Nh5 13. Bh2 a6 14. Rae1 Be5 15. g4 Nf6 16. Bxe5 dxe5 17. Qf2 Nd7 18. a3 Qg5 19. Kh2 b6 20. Bc2 Kg7 21. Ba4 Ra7 22.
b4 a5 23. Bxd7 Bxd7 24. bxc5 bxc5 25. Qxc5 Raa8 26. Qe3 Qe7 27. c5 Rab8 28. d6 Qe6 29. Nd5 f6 30. Rb1 Bc6 31. Qd2 Rfd8 32. Kg3 Qd7 33.
Nxf6 Qa7 34. Rxb8 Rxb8 35. Qc3 a4 36. Kh4 g5+ 37. Kxg5 Qf7 38. Nh5+ Kf8 39. Rxf7+ Kxf7 40. Qxe5 Rg8+ 41. Kf4 Rf8 42. Qe7+ Kg6+ 43. Nf6 Rf7 44. Qe6 Rxf6+ 45. Qf5+ Rxf5+ 46. gxf5+ Kf6 47. e5+ Kf7 48.
e6+ Kf6 49. d7 Ke7 50. Ke5 Bxd7 51. f6+ Kd8 52. f7 Ke7 53. exd7 1-0

[Event "*** Titled Tuesday Blitz"]
[Site "Chess.com"]
[Date "2021.02.02"]
[Round "4"]
[White "Artem_Sadovsky"]
[Black "svilson23"]
[Result "0-1"]
[WhiteElo "2558"]
[BlackElo "2283"]
[TimeControl "180+1"]
[EndTime "10:42:52 PST"]
[Termination "svilson23 won by resignation"]

1. Nf3 Nf6 2. c4 e6 3. b3 c5 4. Bb2 d5 5. cxd5 Nxd5 6. g3 Nc6 7. Bg2 f6 8. O-O Be7 9. d4 Nc7 10. e3 O-O 11. Nbd2 cxd4 12. exd4 Nd5 13. Re1 Bb4 14. a3 Ba5 15. b4 Bb6 16. Nb3 a5 17. b5 a4 18. Nc5 Bxc5 19. dxc5 Nce7 20. Re4 Bd7 21. Bf1 Qa5 22. Rb1 e5 23. Bc4 Be6 24. Nxe5 Rfd8 25. Qh5 Bf5 26. Qf7+ Kh8 27. Rg4 Ng6 28. Nxg6+ Bxg6 29. Rxg6 hxg6 30. Bxd5 Qxb5 31. Bxf6 Qxb1+ 32. Kg2 gxf6 33. Qxf6+ Kh7 34. Qe7+ Kh8 35. Qe5+ Kh7 36. Qe7+ Kh8 37. Be4 Qd1 38. Qf6+ Kg8 39. Qxg6+ Kh8 40. Qh6+ Kg8 41.
Qg6+ Kf8 42. h4 Qd7 43. h5 Qg7 44.
Qh6 Qxh6 45. g4 Qf6 46. f3 Qe5 47. Kh3 Qb2 48. Kh4 Qe5 49. g5 Qf4+ 50. Kh3 Qxg5 51.
h6 Qh5+ 52. Kg2 Qxh6 53. Kf2 Qg5 54. f4 Qxf4+ 55. Bf3 Qe5 56. Kg2 Qxc5 57. Kh3 Qxa3 58. Kg4 Qb4+ 59. Kg5 Qe7+ 60. Kg6 Ra6+ 61. Bc6 Rxc6+ 62.
Kf5 Rd5+ 0-1

[Event "*** Titled Tuesday Blitz"]
[Site "Chess.com"]
[Date "2021.02.02"]
[Round "4"]
[White "Kaua18"]
[Black "MuhittinBuker"]
[Result "1-0"]
[WhiteElo "2398"]
[BlackElo "2141"]
[TimeControl "180+1"]
[EndTime "10:42:52 PST"]
[Termination "Kaua18 won on time"]

1. Nf3 Nf6 2. b3 d5 3. Bb2 Bg4 4. Ne5 Bh5 5. d4 Nbd7 6. Nd2 e6 7. Ndf3 Bd6 8. e3 O-O 9. Be2 c5 10. O-O Qc7 11. c4 cxd4 12. exd4 Bxf3 13. Nxf3 Rac8 14.
g3 Ne4 15. Nd2 f5 16. c5 Bxg3 17. fxg3 Nxg3 18. Rf2 Nxe2+ 19. Qxe2 Rce8 20. Nf3 Nf6 21. Ne5 Ne4 22. Rg2 Qe7 23. Rf1 Kh8 24. b4 g5 25.
b5 Rg8 26. a4 g4 27. Ba3 Rg7 28. Qe3 Reg8 29. c6 Qh4 30. cxb7 Rxb7 31. Rc1 Rbg7 32.
a5 g3 33. hxg3 Nxg3 34. Nf3 Qh1+ 35. Kf2 Ne4+ 36. Ke2 Rxg2+ 37. Kd3 Qh3 38. b6 R2g3 39. Ke2 Qg2+ 40. Ke1 Rxf3 41. Qe2 Qg1+ 42. Qf1 Qxd4 43. Qxf3 Qd2+ 44. Kf1 Ng3+ 45. Kg1 Ne2+ 46. Kf1 Nxc1 47. b7 1-0

[Event "*** Titled Tuesday Blitz"]
[Site "Chess.com"]
[Date "2021.02.02"]
[Round "4"]
[White "Vugar_Manafov"]
[Black "anasta10"]
[Result "1-0"]
[WhiteElo "2662"]
[BlackElo "2489"]
[TimeControl "180+1"]
[EndTime "10:42:53 PST"]
[Termination "Vugar_Manafov won by resignation"]

1. Nf3 Nf6 2. g3 g6 3. b3 Bg7 4.
Bb2 O-O 5. Bg2 d5 6. c4 dxc4 7. bxc4 c5 8. O-O Nc6 9. d3 Qc7 10. Nc3 a6 11. Rb1 Bg4 12. Na4 b5 13. cxb5 axb5 14.
Nxc5 Rxa2 15. Qb3 Ra5 16. Rfc1 Qb6 17. h3 Bxf3 18. Bxf3 Rd8 19. Ne6 Rd6 20. Nxg7 Kxg7 21.
Bc3 b4 22. Bxf6+ Rxf6 23. Bxc6 Rxc6 24. Rxc6 Qxc6 25. Qxb4 Ra2 26. Qd4+ Qf6 27. Qxf6+ Kxf6 28. Kf1 e6 29. Rb4 h5 30. g4 hxg4 31. hxg4 Kg5 32. e3 f5 33. gxf5 exf5 34. d4 f4 35. d5 fxe3 36.
fxe3 Kf5 37. Ke1 Ke5 38. Rb5 g5 39. d6+ Kxd6 40. Rxg5 Ke6 41. Rb5 Kd6 42. Rb4 Ke5 43. Rd4 Rb2 44. Rd2 Rb4 45. Ke2 Ke4 46. Ra2 Rc4 47.
Rb2 Ra4 48. Rc2 Rb4 49. Kd2 Ra4 50. Rb2 Rc4 51. Rb8 Ra4 52. Re8+ Kd5 53. Ke2 Rh4 54. Kf3 Rh3+ 55. Kg4 Rh4+ 56. Kxh4 1-0

[Event "*** Titled Tuesday Blitz"]
[Site "Chess.com"]
[Date "2021.02.02"]
[Round "4"]
[White "Michaelson_11"]
[Black "MrChampion_Coach"]
[Result "1-0"]
[WhiteElo "2275"]
[BlackElo "2427"]
[TimeControl "180+1"]
[EndTime "10:42:53 PST"]
[Termination "Michaelson_11 won on time"]

1. e4 c5 2. Nf3 d6 3. d4 cxd4 4. Nxd4 Nf6 5. Nc3 a6 6. Nb3 g6 7.
Be3 Bg7 8. Be2 O-O 9. g4 b5 10. g5 Nfd7 11. a3 Ne5 12. f4 Nc4 13. Bxc4 bxc4 14.
Nd4 Bb7 15. Qe2 e5 16. fxe5 dxe5 17. Nf3 Nc6 18. Rd1 Qc8 19. Qg2 Nd4 20. Nxd4 exd4 21. Bxd4 Bxd4 22. Rxd4 Qc5 23. Qd2 Rfe8 24. Rf1 Re5 25.
h4 Rae8 26. Rf4 R5e7 27. Qf2 Qc8 28. Qf3 Qa8 29. Kf2 Qa7 30. Qe3 Qb8 31. Kg3 h6 32.
Qf2 hxg5 33. hxg5 Qe5 34. Kh4 Kg7 35. Kg3 Qxg5+ 36. Kf3 Qh5+ 37. Rg4 f5 38. Ke3 Qh4 39.
Rxh4 f4+ 40. Qxf4 Rxe4+ 41. Qxe4 Rxe4+ 42. Rdxe4 Bxe4 43. Rxe4 g5 44. Rg4 Kg6 45. Ne4 Kh5 46. Rxg5+ Kh4 47. Rg6 a5 48. Ra6 Kg4 49. Rxa5 c3 50.
bxc3 Kh4 51. Rb5 Kg4 52. a4 1-0

[Event "*** Titled Tuesday Blitz"]
[Site "Chess.com"]
[Date "2021.02.02"]
[Round "4"]
[White "arctic_t00"]
[Black "Twitch_ElhamBlitz05"]
[Result "0-1"]
[WhiteElo "2524"]
[BlackElo "2847"]
[TimeControl "180+1"]
[EndTime "10:42:54 PST"]
[Termination "Twitch_ElhamBlitz05 won by resignation"]

1. d4 Nf6 2. Nf3 g6 3. Nbd2 Bg7 4. e4 d6 5. Bb5+ c6 6. Bd3 O-O 7. O-O Nbd7 8. c3 e5 9. h3 Qe7 10. Re1 Rd8 11. Qc2 Nh5 12. a4 Nf4 13. Bf1 Nf6 14. a5 Ne8 15. Nc4 f6 16. dxe5 fxe5 17. Bxf4 exf4 18. Rad1 Be6 19. b4 g5 20. Nd4 Nc7 21. Nd2 Bxd4 22. cxd4 Kh8 23. Bc4 Qf7 24. Bxe6 Nxe6 25.
Nf3 Qf6 26. e5 dxe5 27. dxe5 Qe7 28. Rd6 Rg8 29. Qf5 Rg6 30. Red1 Rf8 31. Qg4 Rf7 32.
Nd4 Nxd4 33. R1xd4 Qxe5 34. Rd8+ Kg7 35. Qh5 Qe1+ 36. Kh2 Qe5 37. Qg4 f3+ 38. g3 Qe2 39. Rd2 Qe6 40. Qxe6 Rxe6 41. R8d7 Ree7 42. Rxe7 Rxe7 43.
Rd3 Rf7 44. g4 Rf4 45. Rb3 b6 46. Kg3 Kf6 47. axb6 axb6 48. h4 h6 49. hxg5+ hxg5 50. Rxf3 Rxf3+ 51. Kxf3 Ke5 52. Ke3 c5 53. bxc5 bxc5 54. f3 c4 55. Ke2 Kf4 56. Kf2 c3 57. Ke2 c2 58. Kd2 Kxf3 59. Kxc2 Kxg4 60. Kd3 Kh3 61. Ke4 g4 62. Ke3 g3 63. Ke2 Kh2 64. Kf3 g2 65. Kf4 g1=Q 66. Kf5 Qg3 0-1

[Event "*** Titled Tuesday Blitz"]
[Site "Chess.com"]
[Date "2021.02.02"]
[Round "4"]
[White "dopolian"]
[Black "Mambastik-Fantastic"]
[Result "1-0"]
[WhiteElo "2445"]
[BlackElo "2262"]
[TimeControl "180+1"]
[EndTime "10:42:54 PST"]
[Termination "dopolian won by resignation"]

1. Nf3 d5 2. g3 Bg4 3. Bg2 Nd7 4. d4 Ngf6 5. O-O e6 6. b3 c6 7. Bb2 Be7 8. c4 O-O 9. Nbd2 a5 10. a3 Bh5 11. Re1 Qb8 12. e3 Rd8 13. h3 a4 14.
b4 Ne4 15. Qc2 Bg6 16. Nxe4 Bxe4 17. Qe2 Nb6 18. Nd2 Bxg2 19. Kxg2 Nxc4 20. Nxc4 dxc4 21.
Qxc4 Bf6 22. Rad1 h5 23. h4 Qc8 24. Rd3 b5 25. Qc2 Qd7 26. Rc1 Qd5+ 27. Kg1 Rac8 28. Rc3 Rd6 29. Rc5 Qf3 30. Qd1 Qe4 31. Qxh5 g6 32. Qd1 Kg7 33. Qc2 Qf3 34. Qd1 Qe4 35. Qe2 Rh8 36. f3 Qf5 37. Rxf5 gxf5 38. f4 Kf8 39.
Qf3 Rg8 40. Kf2 Kg7 41. Rxc6 Rd5 42. Rc5 Rd6 43. Qb7 Rgd8 44. Rc7 Rf8 45. Rd7 Rxd7 46. Qxd7 Rd8 47. Qc7 Kf8 48. d5 Be7 49. dxe6 fxe6 50.
Be5 Ke8 51. Qc6+ Kf7 52. Qxb5 Rd2+ 53. Kf3 Ra2 54. Qxa4 Rd2 55. Qb3 Rh2 56. a4 Rh1 57. a5 Rf1+ 58. Kg2 Re1 59. a6 Re2+ 60. Kf3 Re1 61. a7 Rf1+ 62. Kg2 Re1 63. a8=Q 1-0

[Event "*** Titled Tuesday Blitz"]
[Site "Chess.com"]
[Date "2021.02.02"]
[Round "4"]
[White "StockholmMissile"]
[Black "Sam_ChessMood"]
[Result "0-1"]
[WhiteElo "2522"]
[BlackElo "2832"]
[TimeControl "180+1"]
[EndTime "10:42:55 PST"]
[Termination "Sam_ChessMood won on time"]

1. d4 Nf6 2. c4 e6 3. Nf3 d5 4.
Bg5 dxc4 5. e4 c5 6. Bxc4 cxd4 7.
O-O Nc6 8. e5 h6 9. Bh4 g5 10.
Bg3 Ne4 11. Nbd2 Nxg3 12. fxg3 Bg7 13. Qe2 O-O 14. Qe4 Ne7 15. Nxd4 Bd7 16. N2f3 Qb6 17. Kh1 Bc6 18. Nxc6 Qxc6 19. Qe2 Rad8 20. h3 Nf5 21. Kh2 Nd4 22. Nxd4 Rxd4 23. Bb3 Re4 24. Qd3 Rxe5 25. Rad1 b5 26. Rf2 a5 27. a3 a4 28. Ba2 Qe4 29. Qd7 Rf5 30. Rdf1 Rxf2 31. Rxf2 Be5 32. Bxe6 Bxg3+ 33. Kxg3 Qxe6 34. Qxe6 fxe6 35. Re2 Rc8 36. Re5 Rc2 37. Rxb5 Kf7 38. Rb4 Kf6 39. Rxa4 Rxb2 40. Ra6 h5 41. a4 h4+ 42. Kf3 Ra2 43. Ra8 Ke5 44. a5 Ra3+ 45. Kf2 Kf4 46. Rf8+ Ke4 47. Ra8 e5 48. a6 Ra2+ 49. Kg1 Kf4 0-1

[Event "*** Titled Tuesday Blitz"]
[Site "Chess.com"]
[Date "2021.02.02"]
[Round "4"]
[White "Monmoransy"]
[Black "VALPARAISO37"]
[Result "1-0"]
[WhiteElo "2617"]
[BlackElo "2447"]
[TimeControl "180+1"]
[EndTime "10:42:55 PST"]
[Termination "Monmoransy won by checkmate"]

1. e4 e5 2. Nf3 Nc6 3. Bb5 a6 4. Bxc6 dxc6 5. Nc3 Bd6 6. d4 exd4 7. Qxd4 f6 8. Be3 Ne7 9. Nd2 Ng6 10. Nc4 Be7 11.
Qxd8+ Kxd8 12. O-O-O+ Ke8 13. f3 b6 14. Bf2 Be6 15. Ne3 Bc5 16. a3 Kf7 17. Ng4 Be7 18.
Ne3 Bc5 19. Rhf1 Rhd8 20. Rxd8 Rxd8 21. Rd1 Bd6 22. Bg3 Ke7 23. Ne2 Bc5 24. Bf2 Bd6 25. Bg3 Bc5 26. Nf1 Bd6 27. Nd4 Bd7 28. Ne3 Bxg3 29. Ndf5+ Kf8 30. hxg3 Ne5 31. f4 Nf7 32. Rd3 Be6 33. Rxd8+ Nxd8 34. Kd2 g6 35. Nd4 Bd7 36.
b4 Ne6 37. Nxe6+ Bxe6 38. g4 Bf7 39. Kd3 Ke7 40. g3 Kd6 41. Nc4+ Ke7 42. f5 g5 43. Kd4 h5 44. gxh5 Bxh5 45. e5 Bd1 46. Ne3 Be2 47.
c4 Bf3 48. c5 b5 49. exf6+ Kxf6 50. g4 Be2 51. Ke4 Kf7 52. Ke5 Bf3 53. f6 Kg6 54.
Ke6 Be4 55. f7 Bf5+ 56. Nxf5 a5 57. f8=Q Kh7 58. Qh6+ Kg8 59. Kf6 axb4 60. Qg6+ Kh8 61. Qg7# 1-0

[Event "*** Titled Tuesday Blitz"]
[Site "Chess.com"]
[Date "2021.02.02"]
[Round "4"]
[White "Sychev_Klementy"]
[Black "elohunter1999"]
[Result "1-0"]
[WhiteElo "2900"]
[BlackElo "2660"]
[TimeControl "180+1"]
[EndTime "10:42:57 PST"]
[Termination "Sychev_Klementy won by resignation"]

1. e4 e5 2. Nf3 d6 3. Bc4 Nf6 4.
d3 Be7 5. O-O O-O 6. Bb3 Nbd7 7.
c3 c6 8. Re1 Re8 9. h3 Nf8 10.
Nbd2 Ng6 11. Nf1 h6 12. Ng3 Qc7 13. Be3 d5 14. exd5 cxd5 15. d4 e4 16. Ne5 Nxe5 17.
dxe5 Qxe5 18. Bd4 Qc7 19. Bxf6 Bxf6 20. Qxd5 e3 21. Rxe3 Rxe3 22. fxe3 Bxh3 23. Qxf7+ Qxf7 24. Bxf7+ Kxf7 25. gxh3 Rd8 26. Ne4 Ke6 27. Kf2 Ke5 28. Kf3 Be7 29. Nf2 Bh4 30. Ng4+ Ke6 31. Ke2 h5 32.
Nh2 Bg3 33. Nf3 Bc7 34. Rg1 Kf6 35. Nd4 g6 36. Rf1+ Ke7 37. a4 a6 38. b4 Rd6 39. a5 Rd5 40. Nb3 Rg5 41. Nc5 Bxa5 42. Nxb7 Bb6 43. c4 Re5 44. c5 Bc7 45. Ra1 Kd7 46.
Rxa6 Kc8 47. Nd6+ Bxd6 48. Rxd6 g5 49. Rh6 Re4 50. b5 Rc4 51. c6 Kc7 52. Rh7+ Kb6 53. Rb7+ Ka5 54. c7 g4 55. hxg4 hxg4 56. b6 Rc2+ 57. Kf1 g3 58. Rb8 g2+ 59. Kg1 Ka6 60. c8=Q+ Rxc8 61. Rxc8 1-0

[Event "*** Titled Tuesday Blitz"]
[Site "Chess.com"]
[Date "2021.02.02"]
[Round "4"]
[White "Blitzstream"]
[Black "Grieve72"]
[Result "1-0"]
[WhiteElo "2751"]
[BlackElo "2513"]
[TimeControl "180+1"]
[EndTime "10:42:57 PST"]
[Termination "Blitzstream won on time"]

1. d4 f5 2. e4 fxe4 3. Nc3 Nf6 4. Bg5 g6 5. f3 d5 6. fxe4 Nxe4 7. Nxe4 dxe4 8. Bc4 Nc6 9. c3 Na5 10. Be2 Qd5 11. Bf4 Bg7 12. Bxc7 O-O 13. Qa4 b6 14. Qb5 Qxb5 15. Bxb5 Be6 16. Ne2 Bh6 17. g3 g5 18. b3 Rfc8 19. Be5 a6 20. Ba4 b5 21. b4 Nc6 22. Bb3 Bxb3 23. axb3 Nxe5 24. dxe5 Bg7 25. O-O-O Bxe5 26. Kb2 a5 27. Rd5 Bf6 28. Rxb5 axb4 29. Rxb4 Rd8 30. Nd4 Kf7 31. Re1 e5 32. Nc2 Rd2 33. Rb6 Bg7 34. Rxe4 Rxh2 35. b4 Rd8 36.
Kb3 Rd1 37. Ne3 Rb1+ 38. Kc4 h5 39. Nf5 Bf6 40. Nd6+ Kg6 41. Ne8 Rf2 42. Rxe5 Kf7 43. Rb7+ Kg6 44. Rb6 h4 45. gxh4 gxh4 46. Ree6 Rbf1 47.
Nxf6 Rxf6 48. Rxf6+ Rxf6 49. Rb8 Kg5 50. Rg8+ Rg6 51.
Rf8 h3 52. Rf1 Rh6 53. Rh1 Kf5 54. b5 h2 55. Kc5 Ke4 56. c4 Kd3 57. Kb4 Rh5 58.
b6 Rh4 59. Kb5 1-0

[Event "*** Titled Tuesday Blitz"]
[Site "Chess.com"]
[Date "2021.02.02"]
[Round "4"]
[White "Susik_Gaboyan"]
[Black "Gnechko_Ruslan"]
[Result "1-0"]
[WhiteElo "2309"]
[BlackElo "2496"]
[TimeControl "180+1"]
[EndTime "10:42:57 PST"]
[Termination "Susik_Gaboyan won by checkmate"]

1. Nf3 d5 2. d4 c5 3. c3 cxd4 4. cxd4 Nc6 5. Nc3 Bf5 6. Bf4 e6 7. e3 a6 8. Bd3 Bxd3 9. Qxd3 Nf6 10. O-O Be7 11. Rfc1 O-O 12. Ne5 Nxe5 13. Bxe5 Nd7 14. Bg3 Rc8 15. Na4 Qa5 16. Qb3 b5 17. Nc3 Rc4 18. f3 Rfc8 19. Be1 Qb6 20. Ne2 Bg5 21.
Qd3 f5 22. b3 Rxc1 23. Rxc1 Rxc1 24. Nxc1 Qc6 25. Bd2 g6 26. Kf2 Bh4+ 27. Ke2 Kf7 28. Qc3 Qxc3 29. Bxc3 Be7 30. Nd3 Bd6 31. h3 g5 32. b4 Nb8 33. Nc5 Bxc5 34. dxc5 Nc6 35. a3 e5 36. Kd3 Ke6 37. g4 e4+ 38. Ke2 f4 39. Kf2 exf3 40. Kxf3 fxe3 41. Kxe3 Ne7 42. Kd4 Ng6 43. Bd2 h6 44. Be3 Nh4 45. c6 Nf3+ 46.
Kc5 Ne5 47. Kb6 Nc4+ 48. Kb7 Nd6+ 49. Kb8 Kf7 50. Bc5 Ne8 51. c7 Nxc7 52. Kxc7 Ke6 53. Kb6 Ke5 54. Kxa6 d4 55. Kxb5 d3 56. Be3 Ke4 57.
Bc1 Kf3 58. a4 Kg3 59. a5 Kxh3 60. a6 Kxg4 61. a7 h5 62. a8=Q h4 63. Qg2+ Kh5 64. Qxg5# 1-0

[Event "*** Titled Tuesday Blitz"]
[Site "Chess.com"]
[Date "2021.02.02"]
[Round "4"]
[White "chessmadara"]
[Black "ChelsieMonica"]
[Result "0-1"]
[WhiteElo "2143"]
[BlackElo "2398"]
[TimeControl "180+1"]
[EndTime "10:42:58 PST"]
[Termination "ChelsieMonica won on time"]

1. e4 e5 2. Nf3 Nc6 3. d4 exd4 4. Nxd4 Bc5 5. Nb3 Bb4+ 6. c3 Be7 7. f4 d6 8. Be3 Nf6 9. Bd3 O-O 10. O-O a5 11. N1d2 a4 12. Nd4 a3 13. b3 Nxd4 14. cxd4 Ng4 15. Qf3 Nxe3 16. Qxe3 f5 17. e5 d5 18.
Rac1 Be6 19. Nf3 c6 20. Kh1 h6 21. Qf2 Qe8 22. b4 Ra4 23. b5 cxb5 24. Rc7 Rb4 25. Rfc1 Rb2 26. R7c2 Rxc2 27. Rxc2 b4 28. Qe2 Qh5 29.
Rc7 Rf7 30. Rxb7 g5 31. fxg5 hxg5 32. Rb6 g4 33. Rxe6 gxf3 34. Qxf3 Qg5 35. Rc6 b3 36. Rc8+ Kg7 37. Qh3 Qh4 38. Qxh4 Bxh4 39. axb3 Ra7 40. Bb1 a2 41. Bxa2 Rxa2 42. g3 Bg5 43. Rc5 Rb2 44.
Rxd5 Rxb3 45. Rd7+ Kf8 46. Kg2 Rd3 47. d5 f4 48.
gxf4 Bxf4 49. h3 Bxe5 50. Rd8+ Ke7 51. Rg8 Rxd5 52. Rg4 Kf6 53. Kf3 Rd3+ 54. Ke4 Rxh3 55. Rg8 Rh4+ 56. Kd5 Rd4+ 57. Kc6 Kf5 58. Kb5 Rd5+ 59.
Kc6 Rd1 0-1

[Event "*** Titled Tuesday Blitz"]
[Site "Chess.com"]
[Date "2021.02.02"]
[Round "4"]
[White "RobertoJBM"]
[Black "Isajevsky_Anton"]
[Result "0-1"]
[WhiteElo "2779"]
[BlackElo "2533"]
[TimeControl "180+1"]
[EndTime "10:42:59 PST"]
[Termination "Isajevsky_Anton won on time"]

1. d4 d5 2. c4 e6 3. Nc3 Nf6 4. cxd5 exd5 5. Bg5 c6 6. e3 Nbd7 7. Bd3 Be7 8. Qc2 Nf8 9. Nge2 Ne6 10. Bh4 g6 11. h3 Nh5 12. Bxe7 Qxe7 13. O-O-O Nf6 14. Kb1 Bd7 15. Rhe1 O-O-O 16. Nc1 Kb8 17. Nb3 Bc8 18. Ka1 b6 19. f3 Bb7 20. Bf1 h5 21. e4 h4 22.
exd5 Nxd5 23. Nxd5 cxd5 24. Qd2 Qd6 25. Re5 f6 26.
Re3 Nf4 27. Rde1 Bc6 28. Nc1 Rhe8 29. Nd3 g5 30. b3 Rxe3 31. Rxe3 Re8 32. Kb2 Rxe3 33.
Qxe3 Kc7 34. a3 a5 35. Ne1 Bd7 36. Bd3 Kd8 37. Bc2 Qe7 38. Qd2 Qe2 39. Qxe2 Nxe2 40.
Bd1 Nxd4 41. Kc3 Nc6 42. Nc2 Ke7 43. Nd4 Kd6 44. b4 axb4+ 45. axb4 Nxd4 46. Kxd4 Bb5 47. f4 gxf4 48. Bf3 Bc4 49. Bg4 Bb3 50. Bf3 Ba2 51. Be2 Bb1 52. Bf3 Ba2 53. Be2 f5 54. Bd3 Ke6 55. Be2 Bb1 56. Bf1 Be4 57. b5 Kd6 58. Bd3 Bxd3 0-1

[Event "*** Titled Tuesday Blitz"]
[Site "Chess.com"]
[Date "2021.02.02"]
[Round "4"]
[White "temiksmozg"]
[Black "Moon_stone123"]
[Result "1-0"]
[WhiteElo "2616"]
[BlackElo "2438"]
[TimeControl "180+1"]
[EndTime "10:43:00 PST"]
[Termination "temiksmozg won by resignation"]

1. d4 d5 2. c4 dxc4 3. e3 e5 4. Bxc4 exd4 5. exd4 Bd6 6. Nf3 Nf6 7. Qe2+ Qe7 8. Qxe7+ Bxe7 9. O-O O-O 10. Re1 Bd6 11. Nc3 Nbd7 12. Bg5 h6 13. Bh4 c6 14. Bb3 b5 15.
Ne5 Bb7 16. Nxd7 Nxd7 17. Be7 Bxe7 18. Rxe7 Rad8 19. Ne4 c5 20. Nxc5 Nxc5 21. dxc5 Bd5 22. Rxa7 Bxb3 23. axb3 Rd2 24. Rb7 Rxb2 25. Rxb5 Rd8 26.
g3 Rdd2 27. Rf1 Rdc2 28. b4 Rc4 29. Kg2 g6 30. h4 Kg7 31. Rb6 Rbxb4 32. Rxb4 Rxb4 33.
Rc1 Rb7 34. Kf3 Kf6 35. Ke4 Ke6 36. Kd4 Rc7 37. Re1+ Kd7 38. Kd5 Rc6 39. Ra1 Rf6 40. Ra7+ Kc8 41. f4 g5 42. fxg5 hxg5 43. h5 g4 44. c6 Rh6 45. Rxf7 Rxh5+ 46. Kd6 Rh6+ 47.
Kc5 Rh1 48. Rg7 Rc1+ 49. Kd6 Rd1+ 50. Ke5 Rc1 51. c7 Rc4 52. Kf5 Kb7 53. Rxg4 Rxc7 54. Rd4 Rc5+ 55. Kg6 Kc7 56. g4 Rc1 57. g5 Rf1 58.
Kh6 Rh1+ 59. Kg7 Rg1 60. g6 Rf1 61. Kh8 Rh1+ 62. Kg8 Rg1 63. g7 Rg3 64. Rh4 Rf3 65. Kh7 Rh3 66. Rxh3 1-0